 Dungeon Crawl Stone Soup version 0.22.0 (webtiles) character file.

112 zishaf the Skirmisher (level 5, -3/42 HPs)
             Began as a Formicid Abyssal Knight on Aug 11, 2018.
             Was a Believer of Lugonu.
             Killed by nerve-wracking pain
             ... invoked by Jessica
              (12 damage)
             ... on level 2 of the Dungeon.
             The game lasted 00:04:20 (1839 turns).

zishaf the Skirmisher (Formicid Abyssal Knight)     Turns: 1839, Time: 00:04:21

Health: -3/42      AC:  3    Str: 17    XL:     5   Next: 16%
Magic:  7/7        EV: 12    Int: 12    God:    Lugonu [**....]
Gold:   134        SH:  0    Dex: 10    Spells: 4/4 levels left

rFire    . . .     SeeInvis +   a - +1 falchion
rCold    . . .     Gourm    .   (no shield)
rNeg     . . .     Faith    .   b - +0 leather armour
rPois    .         Spirit   .   (helmet unavailable)
rElec    .         Reflect  .   (no cloak)
rCorr    .         Harm     .   (no gloves)
MR       .....                  (no boots)
Stlth    +.........             (no amulet)
HPRegen  0.14/turn              (no ring)
MPRegen  0.10/turn              (no ring)

@: no status effects
A: permanent stasis, dig shafts and tunnels, four strong arms, antennae 3
a: Dig, Shaft Self, Depart the Abyss, Bend Space, Renounce Religion


You were on level 2 of the Dungeon.
You worshipped Lugonu.
Lugonu was pleased with you.
You were not hungry.

You visited 1 branch of the dungeon, and saw 2 of its levels.
You visited the Abyss 1 time.

You collected 134 gold pieces.

Inventory:

Hand Weapons
 a - a +1 falchion (weapon)
Missiles
 f - 5 tomahawks (quivered)
Armour
 b - a +0 leather armour (worn)
Jewellery
 m - a cursed ring of teleportation {unknown}
Scrolls
 e - 3 scrolls of teleportation {unknown}
 h - a scroll of amnesia {unknown}
 j - 2 scrolls of identify {unknown}
 n - a scroll of enchant weapon {unknown}
Potions
 d - a potion of lignification {unknown}
 g - 2 potions of curing {unknown}
 i - 2 potions of berserk rage {unknown}
 k - a potion of flight {unknown}
Comestibles
 c - 5 rations
 l - 9 chunks of flesh


   Skills:
 + Level 4.1 Fighting
 + Level 2.8 Long Blades
 + Level 3.1 Armour
 + Level 1.9 Dodging
 - Level 3.0 Invocations


You had 4 spell levels left.
You didn't know any spells.
Your spell library was empty.

Dungeon Overview and Level Annotations

Branches:
Dungeon (2/15)

Altars:

Annotations:
D:2 Jessica


Innate Abilities, Weirdness & Mutations

You cannot be hasted, slowed, berserked, paralysed or teleported.
You can dig through walls and to a lower floor.
Your four strong arms can wield two-handed weapons with a shield.
You have a pair of large antennae on your head. (SInv)


Message History

c - 5 rations (gained 1) Jessica the Apprentice Sorceress comes into view.
She is wielding a dagger.
Jessica shouts!
Jessica mumbles something strange.
Jessica points at you and mumbles some strange words.
Pain shoots through your body!
Jessica casts a spell.
Jessica blinks!
Jessica gestures at you while chanting. Pain shoots through your body!
Jessica casts a spell at you. Pain shoots through your body!
Jessica casts a spell at you. Pain shoots through your body!
* * * LOW HITPOINT WARNING * * *
Jessica points at you and mumbles some strange words.
You struggle to resist.
Jessica casts a spell at you. Pain shoots through your body!
You die...

#.# { .. .. #### #.
..# ############# #.
#.# ##.≈≈≈≈≈≈≈≈≈.###.
#.####...≈≈≈≈≈≈≈...#..
#...)#.............#.#
#.##.@....@..........#
#.####.............###
#.# #...≈≈≈≈≈≈≈...# #
#.# ##.≈≈≈≈≈≈≈≈≈.##
#.#################
#....#
####.##############
#............#..
#.#....#####.#.#


You could see Jessica.

Vanquished Creatures
  Robin (D:2)
  5 adders
  A dart slug (D:2)
  2 bats
  14 goblins
  4 hobgoblins
  6 jackals
  9 kobolds
  2 quokkas (D:2)
  3 frilled lizards
  5 rats
52 creatures vanquished.

Notes
Turn   | Place    | Note
-------+----------+-------------------------------------------
     0 | Abyss:1  | zishaf the Formicid Abyssal Knight began the quest for the Orb.
     0 | Abyss:1  | Reached XP level 1. HP: 18/18 MP: 2/2
    33 | Abyss:1  | Noticed a hungry ghost
    34 | D:1      | Escaped the Abyss
   100 | D:1      | Reached skill level 1 in Dodging
   218 | D:1      | Reached XP level 2. HP: 17/24 MP: 3/3
   651 | D:1      | Reached XP level 3. HP: 15/29 MP: 4/4
   901 | D:2      | Reached * piety under Lugonu
  1032 | D:2      | Reached XP level 4. HP: 37/37 MP: 6/6
  1037 | D:2      | Noticed Robin
  1556 | D:2      | Killed Robin
  1721 | D:2      | Reached skill level 4 in Fighting
  1728 | D:2      | Reached XP level 5. HP: 33/42 MP: 7/7
  1801 | D:2      | Reached ** piety under Lugonu
  1821 | D:2      | Noticed Jessica
  1839 | D:2      | Killed from afar by Jessica

Skill      XL: |  1  2  3  4 |
---------------+-------------+-----
Dodging        | 1 |  1.9
Invocations    | 3 |  3.0
Armour         | 3 |  3.1
Fighting       | 4 |  4.1
Long Blades    | |  2.8

Action                   |  1- 3 |  4- 6 || total
-------------------------+-------+-------++-------
Melee: Falchion          |    46 |    83 ||   129
Throw: Tomahawk          |     3 |     5 ||     8
Invok: Depart the Abyss  |     1 |       ||     1
 Abil: Dig               |       |     1 ||     1
  Eat: Ration            |       |     1 ||     1
Armor: Leather armour    |    17 |    16 ||    33
Dodge: Dodged            |    40 |    60 ||   100
       Rpst.: Falchion   |     9 |    20 ||    29
